 Dungeon Crawl Stone Soup version 0.26.0-16-gc1dbca0489 (webtiles) character file.

Game seed: 2350274319592865917

62 Eitelfritz the Skirmisher (level 4, 0/40 HPs)
             Began as a Hill Orc Fighter on Jan 17, 2021.
             Slain by a gnoll
             ... wielding a +0 flail
              (11 damage)
             ... on level 1 of the Dungeon.
             The game lasted 00:03:07 (1248 turns).

Eitelfritz the Skirmisher (Hill Orc Fighter)        Turns: 1248, Time: 00:03:08

Health: 0/40       AC:  7    Str: 18    XL:     4   Next: 8%
Magic:  4/4        EV:  7    Int:  9    God:
Gold:   105        SH:  9    Dex: 10    Spells: 3/3 levels left

rFire    . . .     SeeInvis .   a - +0 long sword
rCold    . . .     Faith    .   c - +0 kite shield
rNeg     . . .     Spirit   .   o - +0 scale mail
rPois    .         Reflect  .   (no helmet)
rElec    .         Harm     .   (no cloak)
rCorr    .         Rampage  .   (no gloves)
Will     .....                  (no boots)
Stlth    ..........             (no amulet)
HPRegen  0.13/turn              (no ring)
MPRegen  0.09/turn              (no ring)

@: no status effects
A: no striking features
a: no special abilities


You were on level 1 of the Dungeon.
You visited 1 branch of the dungeon, and saw 2 of its levels.

You collected 105 gold pieces.

Inventory:

Hand Weapons
 a - a +0 long sword (weapon)
 b - a +0 hunting sling
Missiles
 f - 14 stones (quivered)
 j - 2 throwing nets
 p - 19 sling bullets
Armour
 c - a +0 kite shield (worn)
 h - a +0 chain mail
 o - a +0 scale mail (worn)
Jewellery
 m - an uncursed amulet of reflection
 n - an uncursed amulet of the acrobat {unknown}
Scrolls
 e - a scroll of teleportation {unknown}
 i - a scroll of enchant weapon {unknown}
Potions
 d - a potion of might
 g - a potion of mutation {unknown}
 k - a potion of attraction {unknown}
 l - a potion of lignification {unknown}


   Skills:
 + Level 4.3 Fighting
 + Level 2.8 Long Blades
 + Level 3.7 Armour
 + Level 0.5 Dodging
 + Level 3.9 Shields


You had 3 spell levels left.
You didn't know any spells.
Your spell library was empty.

Dungeon Overview and Level Annotations

Branches:
Dungeon (2/15)

Altars:


Message History

The gnoll hits you from afar with a +0 halberd!
The gnoll hits you with a +0 flail!
You barely miss the gnoll. You block the gnoll's attack.
The gnoll hits you from afar with a +0 halberd!
* * * LOW HITPOINT WARNING * * *
The gnoll hits you but does no damage. The gnoll closely misses you.
You riposte.
You slash the gnoll!
You kill the gnoll!
You have reached level 4!
There is an open door here.
There is an open door here.
There is an open door here.
You see here an adder corpse.
There is a stone staircase leading up here.
You climb upwards.
There is a stone staircase leading down here.
You hit the gnoll.
The gnoll is moderately wounded.
The gnoll hits you with a +0 flail!
You die...

####......#############
#.....................# #######
#.##..................# #.....#
#.#...###.............#
#.#######.#...................#
#.##..........###.............#
#.##.###.##.### #.............#
#†##.###....#####........)....#
##.##.#......>.g@.............##
#.....#.......####......####..#
#######.......# #......# ##.#
#....###.####......#####.###
##..## ##...................
#.### #####....#######.### #.#≈≈
#....# #..# #.#≈## #....# ##.##
#.#≈≈## #....# #...


You could see a gnoll.

Vanquished Creatures
  A gnoll (D:2)
  An adder (D:2)
  A worm (D:2)
  A dart slug (D:1)
  3 giant cockroaches (D:1)
  5 hobgoblins (D:1)
  2 jackals (D:1)
  6 kobolds (D:1)
  5 bats (D:1)
  5 frilled lizards
  3 goblins (D:1)
  3 rats (D:1)
36 creatures vanquished.

Notes
Turn   | Place    | Note
-------+----------+-------------------------------------------
     0 | D:1      | Eitelfritz the Hill Orc Fighter began the quest for the
                  | Orb.
     0 | D:1      | Reached XP level 1. HP: 19/19 MP: 1/1
   138 | D:1      | Reached XP level 2. HP: 24/27 MP: 2/2
   142 | D:1      | Reached skill level 4 in Fighting
   573 | D:1      | Reached XP level 3. HP: 33/33 MP: 3/3
  1173 | D:2      | HP: 1/33 [gnoll/+0 halberd (11)]
  1174 | D:2      | Reached XP level 4. HP: 1/40 MP: 4/4
  1248 | D:1      | Slain by a gnoll

Illustrated notes

Levels and vault maps discovered:
D:1:      co_arrival_random_square_maze, layout_basic,
          chequers_serial_rivers_large_a
D:2:      layout_basic, minmay_misc_feat_hallway

Skill      XL: |  1  2 |
---------------+-------+-----
Fighting       | 4 |  4.3
Long Blades    | |  2.8
Armour         | |  3.7
Dodging        | |  0.5
Shields        | |  3.9

Action                   |  1- 3 |  4- 6 || total
-------------------------+-------+-------++-------
Melee: Long sword        |   109 |     1 ||   110
Armor: Scale mail        |    84 |       ||    84
Dodge: Dodged            |    59 |       ||    59
Block: Kite shield       |    64 |       ||    64
       Rpst.: Long sword |    22 |       ||    22
